 Dungeon Crawl Stone Soup version 0.21-b1-23-g1fb0a74 (webtiles) character file.

177 ScottishVillain the Stinger (level 5, -3/37 HPs)
             Began as a Demonspawn Wanderer on Jan 5, 2018.
             Slain by a wight
             ... wielding a +0 long sword
              (6 damage)
             ... on level 2 of the Dungeon.
             The game lasted 00:23:33 (1717 turns).

ScottishVillain the Stinger (Demonspawn Wanderer)   Turns: 1717, Time: 00:23:35

Health: -3/37      AC: 16    Str: 13    XL:     5   Next: 30%
Magic:  8/8        EV:  3    Int: 12    God:
Gold:   41         SH:  0    Dex: 16    Spells: 7/8 levels left

rFire    . . .     SeeInvis .   r - +0 spear (venom)
rCold    . . .     Gourm    .   (no shield)
rNeg     . . .     Faith    .   j - +4 plate armour
rPois    .         Spirit   .   u - +0 helmet
rElec    .         Reflect  .   k - +0 cloak
rCorr    .         Harm     .   (no gloves)
MR       .....                  (no boots)
Stlth    ..........             (no amulet)
HPRegen  0.12/turn              e - ring of stealth
MPRegen  0.11/turn              (no ring)

@: heavily drained
A: talons 1, thin skeletal structure 1
a: no special abilities


You were on level 2 of the Dungeon.
You were not hungry.

You visited 1 branch of the dungeon, and saw 3 of its levels.

You collected 41 gold pieces.

Inventory:

Hand Weapons
 r - a +0 spear of venom (weapon)
 w - a cursed -3 dagger
Missiles
 i - 51 stones (quivered)
 o - 12 bolts
 p - 15 arrows
 q - 17 poisoned needles
Armour
 j - a +4 plate armour (worn)
 k - a +0 cloak (worn)
 u - a +0 helmet (worn)
Jewellery
 e - a ring of stealth (left hand)
Scrolls
 l - a scroll of identify
 m - 2 scrolls of remove curse
 s - a scroll of noise
Potions
 c - a potion of curing
 n - 2 potions of heal wounds
Books
 a - a Young Poisoner's Handbook

   Spells                             Type                      Level
   a - Sting                          Conjuration/Poison           1
   b - Poisonous Vapours              Poison/Air                   2
   c - Mephitic Cloud                 Conjuration/Poison/Air       3
   d - Olgreb's Toxic Radiance        Poison                       4
   e - Venom Bolt                     Conjuration/Poison           5
 b - Ziups's Collected Works on Arcane Weapons

   Spells                             Type                      Level
   a - Shock                          Conjuration/Air              1
   b - Mephitic Cloud                 Conjuration/Poison/Air       3
Comestibles
 f - 2 rations


   Skills:
 + Level 1.4(0.0) Fighting
 + Level 0.1(0.0) Short Blades
   Level 1.4(0.0) Maces & Flails
 + Level 1.1(0.0) Polearms
 + Level 1.1(0.0) Throwing
 + Level 1.1(0.0) Armour
 + Level 2.1(0.5) Dodging
 + Level 0.2(0.0) Stealth
 + Level 2.0(0.5) Spellcasting
 + Level 1.3(0.0) Conjurations
 + Level 0.7(0.0) Air Magic
   Level 4.6(2.9) Poison Magic
   Level 1.0(0.0) Evocations


You had 7 spell levels left.
You knew the following spells:

 Your Spells              Type           Power        Failure   Level  Hunger
a - Shock                 Conj/Air       #...         100%        1    ##.....


Dungeon Overview and Level Annotations

Branches:
Dungeon (3/15)

Altars:


Innate Abilities, Weirdness & Mutations

You have sharp toenails.
You have a somewhat thin skeletal structure. (Dex +2, Stealth)


Message History

You see here a whip.
You hit the wight but do no damage. You claw the wight, but do no damage.
The wight hits you from afar with a spear.
* * * LOW HITPOINT WARNING * * *
You feel drained.
* * * LOW HITPOINT WARNING * * *
The wight hits you but does no damage. x2
The wight hits you but does no damage. The wight hits you with a flail.
* * * LOW HITPOINT WARNING * * *
You hit the wight.
The wight is lightly damaged.
The wight hits you but does no damage. The wight barely misses you.
The wight hits you but does no damage.
Your plate armour prevents you from hitting the wight.
Your kick misses the wight.
The wight is lightly damaged.
The wight hits you from afar with a spear.
* * * LOW HITPOINT WARNING * * *
The wight hits you with a long sword.
You die...

..........z..#####
#######.######....
#.........# #....########
#.........# #............
#.........###............
#.........'..............
#.......z.###............
#......z..# #............
#......z@.###............
########.................
#.................
#.........†####'##
#..........# #.#
#).........# #.#
#..........# #.#.
#..........# #.#.
############ #.#.


You could see 3 wights.

Vanquished Creatures
  A bullfrog (D:2)
  Jessica (D:2)
  Robin (D:2)
  An ooze (D:1)
  3 dart slugs
  2 giant cockroaches (D:2)
  17 goblins
  12 hobgoblins
  4 jackals (D:2)
  2 kobolds
  A quokka (D:2)
  A ball python (D:3)
  7 bats
  4 frilled lizards
  6 rats
63 creatures vanquished.

Notes
Turn   | Place    | Note
-------+----------+-------------------------------------------
     0 | D:1      | ScottishVillain the Demonspawn Wanderer began the quest for the Orb.
     0 | D:1      | ScottishVillain set off with: a Young Poisoner's Handbook, Ziups's Collected Works on Arcane Weapons, a potion of curing, a +0 robe, a +0 dagger, a ration
     0 | D:1      | Reached XP level 1. HP: 15/15 MP: 2/2
     0 | D:1      | Identified Ziups's Collected Works on Arcane Weapons
     2 | D:1      | Learned a level 1 spell: Shock
     4 | D:1      | Learned a level 1 spell: Sting
   410 | D:1      | Gained mutation: You have sharp toenails. [demonic ancestry]
   410 | D:1      | Reached XP level 2. HP: 20/21 MP: 0/3
   608 | D:1      | Reached XP level 3. HP: 25/26 MP: 1/5
   865 | D:2      | Noticed Robin
   885 | D:2      | Killed Robin
   885 | D:2      | Reached skill level 1 in Maces & Flails
  1085 | D:2      | Noticed Jessica
  1113 | D:2      | Noticed a bullfrog
  1125 | D:2      | Killed a bullfrog
  1125 | D:2      | Reached skill level 1 in Conjurations
  1125 | D:2      | Reached XP level 4. HP: 29/32 MP: 2/7
  1258 | D:2      | Gained mutation: You have a somewhat thin skeletal structure. (Dex +2, Stealth) [demonic ancestry]
  1258 | D:2      | Reached XP level 5. HP: 37/37 MP: 8/8
  1326 | D:2      | Killed Jessica
  1326 | D:2      | Reached skill level 1 in Armour
  1568 | D:2      | Reached skill level 1 in Polearms
  1717 | D:2      | Slain by a wight

Skill      XL: |  1  2  3  4  5 |
---------------+----------------+-----
Dodging        | 2 |  2.1
Maces & Flails | 1 |  1.4
Spellcasting   | 2 |  2.0
Conjurations   | 1 |  1.3
Armour         | 1 |  1.1
Polearms       | 1 |  1.1
Fighting       | |  1.4
Short Blades   | |  0.1
Throwing       | |  1.1
Stealth        | |  0.2
Air Magic      | |  0.7
Poison Magic   | |  4.6
Evocations     | |  1.0

Action                   |  1- 3 |  4- 6 || total
-------------------------+-------+-------++-------
Melee: Dagger            |    39 |       ||    39
       Club              |    52 |       ||    52
       Kick              |    21 |    21 ||    42
       Spear             |    14 |    75 ||    89
 Cast: Shock             |     7 |       ||     7
  Use: Scroll            |     5 |     3 ||     8
       Potion            |     2 |       ||     2
  Eat: Chunk             |     2 |     1 ||     3
       Ration            |       |     1 ||     1
Armor: Plate armour      |    96 |    90 ||   186
       Robe              |     2 |       ||     2
Dodge: Dodged            |    16 |    21 ||    37
